 Dungeon Crawl Stone Soup version 0.23.2-33-g5129a83184 (webtiles) character file.

Game seed: 14450040546066742022

154 psyvane the Conjurer (level 5, 0/31 HPs)
             Began as an Octopode Conjurer on July 6, 2019.
             Slain by a ball python (1 damage)
             ... on level 3 of the Dungeon.
             The game lasted 00:07:39 (2701 turns).

psyvane the Conjurer (Octopode Conjurer)            Turns: 2701, Time: 00:07:40

Health: 0/31       AC:  1    Str:  7    XL:     5   Next: 36%
Magic:  0/8        EV: 10    Int: 17    God:
Gold:   58         SH:  0    Dex: 14    Spells: 2/8 levels left

rFire    . . .     SeeInvis .   (no weapon)
rCold    + . .     Gourm    .   (no shield)
rNeg     . . .     Faith    .   (helmet restricted)
rPois    .         Spirit   .   (no amulet)
rElec    .         Reflect  .   f - ring of protection from cold
rCorr    .         Harm     .   (no ring)
MR       .....                  (no ring)
Stlth    +++.......             (no ring)
HPRegen  0.10/turn              (no ring)
MPRegen  0.11/turn              (no ring)
                                (no ring)
                                (no ring)

@: constricted
A: almost no armour, stealthy swim, amphibious, 8 rings, constrict 8, camouflage
1, gelatinous body 1
a: no special abilities


You were on level 3 of the Dungeon.
You were not hungry.

You visited 1 branch of the dungeon, and saw 3 of its levels.

You collected 58 gold pieces.

Inventory:

Jewellery
 f - a ring of protection from cold (left tentacle)
Comestibles
 b - 2 rations


   Skills:
 - Level 2.0 Dodging
 - Level 2.7 Stealth
 - Level 2.0 Spellcasting
 + Level 6.2 Conjurations
 * Level 1.1 Hexes


You had 2 spell levels left.
You knew the following spells:

 Your Spells              Type           Power        Failure   Level  Hunger
a - Magic Dart            Conj           ###.         1%          1    #......
b - Dazzling Spray        Conj/Hex       ##....       13%         3    ###....
c - Searing Ray           Conj           ###...       2%          2    ###....

Your spell library contained the following spells:

 Spells                   Type           Power        Failure   Level  Hunger
 Iskenderun's Mystic Bla  Conj           ###.....     14%         4    #####..
 Fulminant Prism          Conj/Hex       ##........   38%         4    #####..
 Force Lance              Conj/Tloc      ##......     47%         4    #####..


Dungeon Overview and Level Annotations

Branches:
Dungeon (3/15)

Altars:

Annotations:
D:3 Terence


Innate Abilities, Weirdness & Mutations

You cannot wear most types of armour.
You are very stealthy in the water. (Stealth+)
You are amphibious.
You can wear up to eight rings at the same time.
You can use your tentacles to constrict eight enemies at once.
Your skin changes colour to match your surroundings (Stealth+).
Your rubbery body absorbs attacks. (AC +1, EV +1)


Message History

Aim: Terence, wielding a +6 hand axe of chopping and wearing a +0 scale mail (severely wounded)
The magic dart hits Terence but does no damage.
Terence is severely wounded.
The ball python misses you.
* * * LOW HITPOINT WARNING * * *
The ball python constricts you.
Terence hits you with a +6 hand axe of chopping.
* * * LOW HITPOINT WARNING * * *
x2 The ball python closely misses you.
* * * LOW HITPOINT WARNING * * *
The ball python constricts you.
Casting: Magic Dart (safe; 1% risk of failure)
Confirm with . or Enter, or press ? or * to list all spells.
Aiming: Magic Dart (safe; 1% risk of failure)
Press: ? - help, Shift-Dir - straight line, f/p - Terence
Aim: Terence, wielding a +6 hand axe of chopping and wearing a +0 scale mail (severely wounded)
The magic dart hits Terence.
Terence is almost dead.
The ball python bites you.
You die...

## ### ### #?# .# # ...
..####.## .# #
#####.###.......##.# #
...............)... #
..................## #
#####..##<..##.....#############
#.. #..###@S.............).. #l.
#..# #.@...# ########## #..
#.......#.## #.. #..###.## # #..
#..# #. #.. #>.# #. .... .. ##


You could see Terence and a ball python.

Vanquished Creatures
  A centaur (D:2)
  3 adders
  A worm (D:2)
  A dart slug (D:3)
  A leopard gecko (D:1)
  2 orcs
  2 bats (D:1)
  4 giant cockroaches
  5 goblins (D:1)
  4 hobgoblins
  6 jackals
  3 frilled lizards
  A kobold (D:1)
  6 rats
40 creatures vanquished.

Vanquished Creatures (others)
  An adder (D:2)
  A kobold (D:2)
2 creatures vanquished.

Grand Total: 42 creatures vanquished

Notes
Turn   | Place    | Note
-------+----------+-------------------------------------------
     0 | D:1      | psyvane the Octopode Conjurer began the quest for the Orb.
     0 | D:1      | Reached XP level 1. HP: 11/11 MP: 3/3
   141 | D:1      | Reached XP level 2. HP: 17/17 MP: 0/5
   677 | D:1      | Reached XP level 3. HP: 17/21 MP: 1/6
   967 | D:1      | Learned a level 3 spell: Dazzling Spray
   973 | D:1      | Reached skill level 5 in Conjurations
  1254 | D:2      | Noticed a centaur
  1514 | D:2      | Noticed Terence
  1733 | D:2      | Learned a level 2 spell: Searing Ray
  1748 | D:2      | Reached XP level 4. HP: 27/27 MP: 1/7
  1904 | D:2      | Killed a centaur
  1904 | D:2      | Reached skill level 6 in Conjurations
  1904 | D:2      | Reached skill level 1 in Hexes
  1904 | D:2      | Reached XP level 5. HP: 3/31 MP: 1/8
  2700 | D:3      | HP: 1/31 [ball python (1)]
  2701 | D:3      | Slain by a ball python

Skill      XL: |  1  2  3  4 |
---------------+-------------+-----
Conjurations   | 5 6 |  6.2
Hexes          | 1 |  1.1
Dodging        | |  2.0
Stealth        | |  2.7
Spellcasting   | |  2.0

Action                   |  1- 3 |  4- 6 || total
-------------------------+-------+-------++-------
Melee: Unarmed           |    28 |     3 ||    31
       Constrict         |     8 |     1 ||     9
       Tentacles         |     3 |     1 ||     4
 Cast: Magic Dart        |    45 |    22 ||    67
       Dazzling Spray    |     1 |     2 ||     3
       Searing Ray       |       |     3 ||     3
  Use: Potion            |     1 |       ||     1
       Scroll            |       |     3 ||     3
  Eat: Ration            |     1 |     1 ||     2
       Chunk             |     1 |       ||     1
Armor: Skin              |     4 |       ||     4
Dodge: Dodged            |    35 |    15 ||    50
